 Dungeon Crawl Stone Soup version 0.26.1-2-gb8aa6d0cf2 (webtiles) character file.

Game seed: 5317991517939150968

7215 McKennaii the Thaumaturge (level 10, -2/53 HPs)
             Began as a Deep Elf Conjurer on Feb 14, 2021.
             Was a Believer of Vehumet.
             Slain by a yak (10 damage)
             ... on level 10 of the Dungeon.
             The game lasted 00:26:18 (15880 turns).

McKennaii the Thaumaturge (Deep Elf Conjurer)      Turns: 15880, Time: 00:26:18

Health: -2/53      AC:  6    Str:  4    XL:     10   Next: 87%
Magic:  30/30      EV: 13    Int: 27    God:    Vehumet [**....]
Gold:   131        SH:  0    Dex: 13    Spells: 26/38 levels left

rFire    . . .     SeeInvis .   o - +1 flail (protect)
rCold    . . .     Faith    .   (no shield)
rNeg     . . .     Spirit   .   a - +0 robe
rPois    .         Reflect  .   g - +0 helmet
rElec    .         Harm     .   x - scarf {repulsion}
rCorr    .         Rampage  .   (no gloves)
Will     ++...                  h - +2 pair of boots
Stlth    ++++......             H - amulet of magic regeneration
HPRegen  0.17/turn              n - ring of stealth
MPRegen  0.47/turn              E - ring of willpower

@: repel missiles
A: no striking features
a: Renounce Religion


You were on level 10 of the Dungeon.
You worshipped Vehumet.
Vehumet was pleased with you.
You visited 2 branches of the dungeon, and saw 11 of its levels.

You collected 593 gold pieces.
You spent 462 gold pieces at shops.

Inventory:

Hand Weapons
 o - a +1 flail of protection (weapon)
Armour
 a - a +0 robe (worn)
 g - a +0 helmet (worn)
 h - a +2 pair of boots (worn)
 x - a scarf of repulsion (worn)
Jewellery
 n - a ring of stealth (left hand)
 z - an uncursed ring of flight
 E - a ring of willpower (right hand)
 H - an amulet of magic regeneration (around neck)
Wands
 u - a wand of flame (23)
 y - a wand of iceblast (8)
 B - a wand of acid (8)
 C - a wand of disintegration (13)
 D - a wand of random effects (21)
 G - a wand of digging (3)
Scrolls
 b - 2 scrolls of magic mapping
 c - 4 scrolls of remove curse
 e - 5 scrolls of amnesia
 f - 2 scrolls of random uselessness {unknown}
 i - 3 scrolls of teleportation {unknown}
 l - 2 scrolls of identify
 s - 3 scrolls of immolation {unknown}
 t - a scroll of enchant weapon
 v - a scroll of torment {unknown}
 A - 2 scrolls of fog
 F - a scroll of fear
 I - a scroll of silence {unknown}
 J - 2 scrolls of blinking {unknown}
Potions
 d - a potion of flight
 j - 3 potions of curing
 k - a potion of attraction
 m - 5 potions of mutation {unknown}
 p - 2 potions of brilliance {unknown}
 q - 2 potions of heal wounds {unknown}
 r - 3 potions of lignification {unknown}
 w - a potion of might {unknown}


   Skills:
 + Level 2.0 Fighting
 + Level 3.6 Dodging
 + Level 4.5 Stealth
 * Level 14.5 Spellcasting
 * Level 12.3 Conjurations
 + Level 1.2 Hexes
 + Level 0.2 Summonings
 + Level 2.8 Translocations


You had 26 spell levels left.
You knew the following spells:

 Your Spells              Type           Power        Failure   Level
a - Magic Dart            Conj           100%         1%          1
b - Fulminant Prism       Conj/Hex       27%          1%          4
c - Iskenderun's Mystic   Conj/Tloc      57%          1%          4
d - Call Canine Familiar  Summ           20%          8%          3

Your spell library contained the following spells:

 Spells                   Type           Power        Failure   Level
 Shock                    Conj/Air       100%         1%          1
 Searing Ray              Conj           100%         1%          2
 Dazzling Flash           Conj/Hex       100%         1%          3
 Summon Small Mammal      Summ           80%          2%          1
 Gell's Gravitas          Tloc           17%          2%          3
 Call Imp                 Summ           20%          3%          2
 Confusing Touch          Hex            26%          4%          3
 Summon Guardian Golem    Hex/Summ       23%          6%          3
 Petrify                  Tmut/Erth      19%          26%         4
 Summon Ice Beast         Ice/Summ       20%          26%         4
 Summon Lightning Spire   Summ/Air       20%          26%         4
 Metabolic Englaciation   Hex/Ice        11%          52%         5
 Yara's Violent Unravell  Hex/Tmut       11%          52%         5


Dungeon Overview and Level Annotations

Branches:
Dungeon (10/15)            Temple (1/1) D:7            Lair (0/6) D:9
    Orc: D:9-12

Altars:
Ashenzari
Cheibriados
Dithmenos
Elyvilon
Fedhas
Gozag
Hepliaklqana
Kikubaaqudgha
Makhleb
Nemelex Xobeh
Okawaru
Qazlal
Ru
Sif Muna
Trog
Uskayaw
Vehumet
Wu Jian
Xom
Yredelemnul
Zin
The Shining One

Shops:
D:5 *   D:9 *[


Message History

The bullfrog skeleton is knocked back by the mystic blast.
The bullfrog skeleton collides with the eye of draining!
You destroy the bullfrog skeleton!
Vehumet accepts your kill.
You feel your power returning.
The mystic blast hits the yak!
The yak is almost dead.
The yak is knocked back by the mystic blast.
Unknown command.
Unknown command.
The yak gores you!
You climb upwards.
There is a stone staircase leading down here.
You start resting.
Magic restored.
You start resting.
HP restored.
You climb downwards.
The yak gores you! x2; The yak gores you!!
* * * LOW HITPOINT WARNING * * *
The yak gores you!
You die...

.#..###..†.............
##.##...÷.#...........
#......(....)........
...........(.##......
##.#...#....)[....#
####.###.#.......## ##
###........#
#...[Y....# #.ZY@....##
####YG..## ######


You could see 3 yaks, an eye of draining and a worker ant zombie.

Vanquished Creatures
  A death yak (D:9)
  An elephant (D:9)
  A hornet (D:7)
  8 yaks
  A wyvern (D:9)
  A basilisk (D:9)
  3 orc warriors
  3 black bears
  3 phantoms
  2 ice beasts
  A centaur (D:5)
  4 ogres
  2 gnoll sergeants
  4 bullfrogs
  A water moccasin skeleton (D:7)
  3 scorpions
  5 killer bees (D:9)
  15 wights
  A howler monkey (D:10)
  4 electric eels (D:7)
  3 bullfrog zombies
  A centaur zombie (D:10)
  2 bullfrog skeletons
  4 gnoll shamans (D:3)
  6 hounds
  4 orc priests
  4 iguanas
  7 orc wizards
  3 worker ants
  A killer bee zombie (D:10)
  A hound zombie (D:6)
  Robin (D:2)
  7 adders
  35 gnolls
  2 white imps
  An adder skeleton (D:4)
  A worm (D:3)
  6 leopard geckos
  39 orcs
  2 ball pythons (D:3)
  8 bats
  5 giant cockroaches
  15 hobgoblins
  23 jackals
  5 quokkas
  3 frilled lizards
  21 goblins
  13 kobolds
  A leopard gecko zombie (D:2)
  6 rats
294 creatures vanquished.

Vanquished Creatures (others)
  18 fulminant prisms
  48 plants
66 creatures vanquished.

Grand Total: 360 creatures vanquished

Notes
Turn   | Place    | Note
-------+----------+-------------------------------------------
     0 | D:1      | McKennaii the Deep Elf Conjurer began the quest for the
                  | Orb.
     0 | D:1      | Reached XP level 1. HP: 10/10 MP: 6/6
   295 | D:1      | Reached XP level 2. HP: 15/15 MP: 2/8
   562 | D:1      | Reached skill level 5 in Conjurations
  1194 | D:2      | Reached XP level 3. HP: 19/19 MP: 6/9
  1485 | D:2      | Noticed Robin
  1533 | D:2      | Killed Robin
  1778 | D:2      | Reached XP level 4. HP: 19/24 MP: 6/11
  2614 | D:3      | Reached skill level 4 in Spellcasting
  2746 | D:3      | Reached XP level 5. HP: 28/28 MP: 9/14
  2762 | D:3      | Reached skill level 5 in Spellcasting
  3204 | D:3      | Learned a level 4 spell: Fulminant Prism
  3209 | D:3      | Learned a level 4 spell: Iskenderun's Mystic Blast
  3625 | D:3      | Reached XP level 6. HP: 22/33 MP: 7/16
  4032 | D:3      | Reached skill level 6 in Spellcasting
  4099 | D:3      | HP: 1/33 [gnoll/+0 spear (6)]
  5348 | D:3      | Reached skill level 7 in Spellcasting
  5505 | D:3      | Reached XP level 7. HP: 37/37 MP: 12/19
  6061 | D:4      | Reached skill level 1 in Fighting
  6061 | D:4      | Reached skill level 8 in Spellcasting
  6135 | D:4      | Found a burning altar of Makhleb.
  6869 | D:4      | You fall into a shaft and drop 3 floors!
  6923 | D:6      | Reached skill level 9 in Spellcasting
  6923 | D:6      | Reached XP level 8. HP: 34/43 MP: 10/23
  6990 | D:6      | Learned a level 3 spell: Call Canine Familiar
  7609 | D:5      | Entered Level 5 of the Dungeon
  7920 | D:5      | Reached skill level 10 in Spellcasting
  8068 | D:5      | Found Haewaleg's General Store.
  8126 | D:5      | Bought a potion of curing for 42 gold pieces
  8660 | D:6      | Reached skill level 11 in Spellcasting
  8880 | D:6      | Reached XP level 9. HP: 43/47 MP: 1/26
 10381 | D:7      | Paralysed by a hornet for 2 turns
 10670 | D:7      | Reached skill level 10 in Conjurations
 11157 | D:7      | Reached skill level 12 in Spellcasting
 11157 | D:7      | Reached skill level 1 in Translocations
 11311 | D:7      | Found a staircase to the Ecumenical Temple.
 11318 | Temple   | Entered the Ecumenical Temple
 11452 | Temple   | Became a worshipper of Vehumet
 12918 | D:8      | Identified the +1 leather armour of Cestaw {rPois rC- Str+4
                  | Int+2}
 13073 | D:8      | Found a stormy altar of Qazlal.
 13197 | D:8      | Reached * piety under Vehumet
 13197 | D:8      | Offered knowledge of Foxfire by Vehumet.
 13841 | D:5      | Bought an uncursed amulet of magic regeneration for 420
                  | gold pieces
 13958 | D:9      | Found Yjooddy's General Store.
 13979 | D:9      | Reached XP level 10. HP: 42/53 MP: 12/28
 14507 | D:9      | Found a staircase to the Lair.
 14507 | D:9      | Noticed an elephant
 14507 | D:9      | Noticed a death yak
 14690 | D:9      | Reached skill level 13 in Spellcasting
 14697 | D:9      | Killed a death yak
 14766 | D:9      | Found Butiz's Antique Armour Boutique.
 15016 | D:9      | Killed an elephant
 15017 | D:9      | Reached skill level 1 in Hexes
 15175 | D:10     | Entered Level 10 of the Dungeon
 15492 | D:10     | Reached ** piety under Vehumet
 15593 | D:10     | Offered knowledge of Shock by Vehumet.
 15594 | D:10     | Reached skill level 14 in Spellcasting
 15880 | D:10     | Slain by a yak

Illustrated notes

Levels and vault maps discovered:
D:1:      giann_forest_graveyard, layout_basic
D:2:      layout_basic, uniq_robin
D:3:      lemuel_castle_with_subvaults [lemuel_castle_interior_carwin_2],
          layout_basic
D:4:      layout_gridville, minivault_27, bloody_makhleb
D:5:      layout_gridville, serial_shops, shop, kennysheep_generic_room_15
D:6:      corexii_shantytown, layout_basic
D:7:      layout_loops_ring, minmay_temple_entry_junction, serial_bayou,
          serial_bayou_pond_d, serial_bayou_shore_a, serial_bayou_pond_d,
          serial_bayou_pond_c
D:8:      layout_basic, kennysheep_mini_moat
D:9:      layout_irregular_city, david_lair_generic, serial_shops,
          nicolae_shop_temple_entry_statues_fountains, shop_fountains
D:10:     layout_cave_pools
Temple:   kilobyte_greek_temple

Skill      XL: |  1  2  3  4  5  6  7  8  9 10 |
---------------+-------------------------------+-----
Conjurations   | 5 6 7 8 9 10 12 | 12.3
Spellcasting   | 4 5 7 9 11 12 14 | 14.5
Stealth        | 3 4 |  4.5
Fighting       | 1 2 |  2.0
Dodging        | 3 |  3.6
Translocations | 2 |  2.8
Hexes          | 1 |  1.2
Summonings     | |  0.2

Action                   |  1- 3 |  4- 6 |  7- 9 | 10-12 || total
-------------------------+-------+-------+-------+-------++-------
Melee: Unarmed           |       |     6 |       |       ||     6
       Flail             |       |       |     8 |       ||     8
 Cast: Magic Dart        |    90 |   256 |   536 |   141 ||  1023
       Iskenderun's Myst |       |       |    34 |    27 ||    61
       Call Canine Famil |       |       |     1 |     1 ||     2
       Fulminant Prism   |       |       |     1 |    17 ||    18
  Use: Scroll            |       |     7 |     4 |       ||    11
Armor: Robe              |     6 |     8 |    43 |     5 ||    62
Dodge: Dodged            |    18 |    45 |   134 |    34 ||   231
       Repelled          |       |       |     1 |     1 ||     2
